 Dungeon Crawl Stone Soup version 0.29.1-13-g9f3cf754e1 (webtiles) character file.

Game seed: 12397779972296980696

41 sneakypete the Shield-Bearer (level 4, -1/40 HPs)
             Began as a Meteoran Fighter on Jan 19, 2023.
             Was a Follower of Sif Muna.
             Slain by a gnoll
             ... wielding a +0 halberd
              (8 damage)
             ... on level 3 of the Dungeon.
             The game lasted 00:04:33 (1179 turns).

sneakypete the Shield-Bearer (Meteoran Fighter)     Turns: 1179, Time: 00:04:33

Health: -1/40      AC:  7    Str: 19    XL:     4   Next: 1%
Magic:  5/5        EV:  9    Int: 10    God:    Sif Muna [*.....]
Gold:   65         SH:  5    Dex: 13    Spells: 3/3 levels left

rFire   . . .      SeeInvis .   a - +0 flail
rCold   . . .      Faith    .   c - +0 buckler
rNeg    . . .      Spirit   .   b - +0 scale mail
rPois   .          Reflect  .   (no helmet)
rElec   .          Harm     .   (no cloak)
rCorr   .          Rampage  .   (no gloves)
Will    .....                   (no boots)
Stlth   ..........              (no amulet)
HPRegen 0.13/turn               (no ring)
MPRegen 0.09/turn               (no ring)

@: glowing
A: sense surroundings 1, otherworldly, glowing, explore regen
a: Renounce Religion, Channel Magic


You were on level 3 of the Dungeon.
You worshipped Sif Muna.
Sif Muna was aware of your devotion.
You visited 1 branch of the dungeon, and saw 3 of its levels.

You collected 65 gold pieces.

Inventory:

Hand Weapons
 a - a +0 flail (weapon)
Armour
 b - a +0 scale mail (worn)
 c - a +0 buckler (worn)
Scrolls
 e - a scroll of amnesia {unknown}
 f - 3 scrolls of teleportation {unknown}
 g - a scroll of blinking {unknown}
Potions
 d - a potion of might


   Skills:
 + Level 3.6 Fighting
 + Level 3.6 Maces & Flails
 + Level 4.0 Armour
 + Level 0.7 Dodging
 + Level 4.0 Shields


You had 3 spell levels left.
You didn't know any spells.
Your spell library contained the following spells:

 Spells                   Type           Power      Damage    Failure   Level
 Apportation              Tloc           0%         N/A       82%         1
 Necrotise                Necr           0%         1d4       82%         1
 Summon Small Mammal      Summ           0%         N/A       82%         1


Dungeon Overview and Level Annotations

Branches:
Dungeon (3/15) Zot: 594

Altars:
Sif Muna


Innate Abilities, Weirdness & Mutations

You passively map a small area around you.
You are easily found by Zot.
You glow in the dark.
You regain HP and MP as you explore.


Message History

You barely miss the adder.
The adder is heavily wounded.
The adder bites you but does no damage. The adder closely misses you.
You closely miss the adder.
The adder is heavily wounded.
You block the adder's attack.
You barely miss the adder.
The adder is heavily wounded.
The adder barely misses you. The adder bites you but does no damage.
You sock the adder!
You kill the adder!
Sif Muna accepts your kill.
You have reached level 4!
You see here an adder corpse.
A gnoll comes into view. It is wielding a +0 flail.
Found a quarterstaff.
The gnoll shouts!
You hear a shout! x3
The gnoll barely misses you.
A gnoll comes into view. It is wielding a +0 halberd.
Found a stone staircase leading down.
You block the gnoll's attack.
The gnoll hits you from afar with a +0 halberd.
You hit the gnoll but do no damage. The gnoll hits you with a +0 flail.
The gnoll closely misses you.
You hit the gnoll but do no damage. The gnoll hits you with a +0 flail!
The gnoll barely misses you.
You sock the gnoll!
The gnoll is severely wounded.
The gnoll hits you with a +0 flail! You block the gnoll's attack. x2
The gnoll hits you with a +0 flail!
* * * LOW HITPOINT WARNING * * *
You barely miss the gnoll.
The gnoll is severely wounded.
The gnoll hits you with a +0 flail.
* * * LOW HITPOINT WARNING * * *
The gnoll barely misses you.
You sock the gnoll!
You kill the gnoll!
Sif Muna accepts your kill.
The gnoll hits you from afar with a +0 halberd!
You die...

* * , , * * ,
, * * , ***
*,###### , ,,
#..†.# ,
#######.#.# ,
*
,*,#@......#.#
, , ,
#)#######.# ,
.g.> #.### <
..)##.# #..<#
###. *.# #####
, #, .# * .# *
, .#


You could see a gnoll.

Vanquished Creatures
  2 adders
  A gnoll (D:3)
  2 dart slugs (D:1)
  2 endoplasms
  2 kobolds (D:1)
  A quokka (D:1)
  3 ball pythons (D:1)
  5 bats
  3 frilled lizards (D:1)
  A rat (D:1)
22 creatures vanquished.

Vanquished Creatures (others)
  A plant (D:1)
1 creature vanquished.

Grand Total: 23 creatures vanquished

Notes
Turn   | Place    | Note
-------+----------+-------------------------------------------
     0 | D:1      | sneakypete the Meteoran Fighter began the quest for the
                  | Orb.
     0 | D:1      | Reached XP level 1. HP: 19/19 MP: 2/2
   167 | D:1      | Reached XP level 2. HP: 21/26 MP: 3/3
   420 | D:1      | Found a faded altar of an unknown god.
   431 | D:1      | Prayed at the altar of an unknown god.
   431 | D:1      | Became a worshipper of Sif Muna the Loreminder
   431 | D:1      | Reached * piety under Sif Muna
   467 | D:1      | Reached XP level 3. HP: 28/31 MP: 4/4
   484 | D:1      | Glimpsed the power of Zot.
   533 | D:1      | Glimpsed the power of Zot.
  1078 | D:2      | Glimpsed the power of Zot.
  1128 | D:2      | Glimpsed the power of Zot.
  1165 | D:3      | Reached XP level 4. HP: 40/40 MP: 5/5
  1179 | D:3      | Slain by a gnoll

Illustrated notes

Levels and vault maps discovered:
D:1:      psy_arrival_terrarium, layout_basic,
          dilly_ecumenical_altar_fadedgnrine
D:2:      layout_basic
D:3:      layout_basic, mainiacjoe_overflow_small_starburst,
          mainiacjoe_overflow_catch_the_wave, uniq_ijyb

Skill      XL: |  1  2  3 |
---------------+----------+-----
Shields        | 4 |  4.0
Armour         | 4 |  4.0
Maces & Flails | 3 |  3.6
Fighting       | |  3.6
Dodging        | |  0.7

Action                   |  1- 3 |  4- 6 || total
-------------------------+-------+-------++-------
Melee: Flail             |    82 |     5 ||    87
Armor: Scale mail        |   100 |       ||   100
Dodge: Dodged            |    46 |     4 ||    50
Block: Buckler           |    24 |     3 ||    27
